 Dungeon Crawl Stone Soup version 0.30.1-11-g7821555f0a (webtiles) character file.

Game seed: 10277365459816913710

158 aaadecentral the Digger (level 5, -1/35 HPs)
             Began as a Demonspawn Earth Elementalist on Nov 28, 2023.
             Slain by Grinder (9 damage)
             ... on level 4 of the Dungeon.
             The game lasted 00:07:34 (3234 turns).

aaadecentral the Digger (DsEE)                      Turns: 3234, Time: 00:07:34

Health: -1/35      AC:  5    Str:  8    XL:     5   Next: 16%
Magic:  0/10       EV: 12    Int: 16    God:
Gold:   175        SH:  0    Dex: 16    Spells: 0/10 levels left

rFire   . . .        u - +0 dagger (drain)
rCold   . . .        (no shield)
rNeg    . . .        a - +1 robe
rPois   .            (helmet restricted)
rElec   .            (no cloak)
rCorr   .            (no gloves)
SInv    +            (no boots)
Will    .....        (no amulet)
Stlth   ++           k - ring of see invisible
HPRegen 0.25/turn    (no ring)
MPRegen 0.12/turn

%: no passive effects
@: no status effects
A: horns 1, slimy green scales 1
a: no special abilities


You were on level 4 of the Dungeon.
You visited 1 branch of the dungeon, and saw 4 of its levels.

You collected 175 gold pieces.

Inventory:

Hand Weapons
 u - a +0 dagger of draining (weapon)
Missiles
 i - 4 poisoned darts
Armour
 a - a +1 robe (worn)
Jewellery
 k - a ring of see invisible (left hand)
Scrolls
 d - a scroll of enchant armour
 n - a scroll of fog
Potions
 b - a potion of magic
 g - 2 potions of heal wounds
 m - 3 potions of lignification


   Skills:
 + Level 0.1 Fighting
 + Level 0.3 Throwing
 + Level 2.2 Dodging
 + Level 2.6 Stealth
 + Level 3.4 Spellcasting
 + Level 0.8 Transmutations
 + Level 3.7 Earth Magic


You couldn't memorise any spells.
You knew the following spells:

 Your Spells              Type           Power      Damage    Failure   Level
a - Sandblast             Erth           28%        2d8       3%          1
b - Passwall              Tmut/Erth      8%         N/A       11%         2
c - Stone Arrow           Conj/Erth      16%        3d8       24%         3
d - Petrify               Tmut/Erth      10%        N/A       56%         4

Your spell library contained the following spells:

 Spells                   Type           Power      Damage    Failure   Level
 Sting                    Tmut/Pois      16%        1d3       16%         1
 Poisonous Vapours        Pois/Air       4%         N/A       26%         2
 Olgreb's Toxic Radiance  Pois           2%         N/A       87%         4


Dungeon Overview and Level Annotations

Branches:
Dungeon (4/15)
 Temple: D:4-7

Altars:
Gozag
Qazlal

Annotations:
D:4 Grinder


Innate Abilities, Weirdness & Mutations

You have a pair of small horns on your head.
You are partially covered in slimy green scales. (AC +2)


Message History

As you open the door, it creaks loudly!
Grinder shouts!
Grinder gestures at you. Pain shoots through your body!
Casting: Sandblast (safe; 3% risk of failure)
Confirm with . or Enter, or press ? or * to list all spells.
The spell is quite dangerous to miscast (24% risk of failure)!
Continue anyway?
Aiming: Stone Arrow (quite dangerous; 24% risk of failure)
Press: ? - help, Shift-Dir - straight line, f - Grinder
Aim: Grinder (60% to hit)
The stone arrow hits Grinder!
Grinder is moderately wounded.
Grinder gestures at you. Pain shoots through your body!
Casting: Stone Arrow (quite dangerous; 24% risk of failure)
Confirm with . or Enter, or press ? or * to list all spells.
The spell is quite dangerous to miscast (24% risk of failure)!
Continue anyway?
Aiming: Stone Arrow (quite dangerous; 24% risk of failure)
Press: ? - help, Shift-Dir - straight line, f/p - Grinder
Aim: Grinder (moderately wounded, 60% to hit)
The stone arrow misses Grinder.
Casting: Stone Arrow (quite dangerous; 24% risk of failure)
Confirm with . or Enter, or press ? or * to list all spells.
The spell is quite dangerous to miscast (24% risk of failure)!
Continue anyway?
Aiming: Stone Arrow (quite dangerous; 24% risk of failure)
Press: ? - help, Shift-Dir - straight line, f/p - Grinder
Aim: Grinder (moderately wounded, 60% to hit)
The stone arrow hits Grinder.
Grinder is heavily wounded.
Grinder hits you but does no damage.
Casting: Stone Arrow (quite dangerous; 24% risk of failure)
Confirm with . or Enter, or press ? or * to list all spells.
Aiming: Sandblast (safe; 3% risk of failure)
Press: ? - help, Shift-Dir - straight line, f/p - Grinder
Aim: Grinder (heavily wounded, 80% to hit)
The blast of sand hits Grinder but does no damage.
Grinder is heavily wounded.
Grinder hits you!
You writhe in agony.
* * * LOW HITPOINT WARNING * * *
Grinder hits you!
You die...

,,,,(,*#......#*.....,,,,,**,,,,*
,,,,,.##......##..(.....,,**,,,,*
,,,.,...................,,,*,,,,,
......##................,,,*,,,,,
......##..............,,,,,*,,,,,
.....................,,,,,**,,,,*
......##......##...#*,,,,,**,,,,*
......##......###5###...,,**,,,,,
......##........@.....=.,,*,,,,,,
......##................,,*,,,,,,
........................,,**,,,,>
...<...............###+#****,,,,,
...................#*,,,,,**,,,,,
......##......##.....,,,,,,,,,,,,
......##..)...##......,,,,,,,,,,,
).)...#........#......,,,,,,,,,,,
..)...#........#,,,,,,,,,,,,,,,,,


You could see Grinder.

Vanquished Creatures
  A hound (D:3)
  Natasha (twice) (D:3)
  2 adders
  An ufetubus (D:3)
  2 worms (D:3)
  3 dart slugs
  4 orcs
  2 bats
  4 endoplasms
  3 giant cockroaches (D:2)
  4 hobgoblins
  4 ball pythons
  3 frilled lizards
  5 goblins
  3 kobolds
  4 rats
47 creatures vanquished.

Notes
Turn   | Place    | Note
-------+----------+-------------------------------------------
     0 | D:1      | aaadecentral the Demonspawn Earth Elementalist began the
                  | quest for the Orb.
     0 | D:1      | Reached XP level 1. HP: 13/13 MP: 3/3
   410 | D:1      | Gained mutation: You are partially covered in slimy green
                  | scales. (AC +2) [demonic ancestry]
   410 | D:1      | Reached XP level 2. HP: 19/19 MP: 5/5
   743 | D:1      | Learned a level 2 spell: Passwall
  1120 | D:2      | Gained mutation: You have a pair of small horns on your
                  | head. [demonic ancestry]
  1120 | D:2      | Reached XP level 3. HP: 24/24 MP: 3/6
  1606 | D:3      | Found a faded altar of an unknown god.
  1614 | D:3      | Reached XP level 4. HP: 28/30 MP: 3/8
  1923 | D:3      | Found a stormy altar of Qazlal.
  2062 | D:3      | Found an opulent altar of Gozag.
  2179 | D:3      | Noticed Natasha
  2187 | D:3      | Killed Natasha
  2619 | D:3      | Noticed Natasha
  2624 | D:3      | Killed Natasha
  2625 | D:3      | Reached XP level 5. HP: 35/35 MP: 5/10
  3213 | D:4      | Noticed Grinder
  3219 | D:4      | Learned a level 3 spell: Stone Arrow
  3224 | D:4      | Learned a level 4 spell: Petrify
  3234 | D:4      | Slain by Grinder

Illustrated notes

Levels and vault maps discovered:
D:1:      reono_arrival_mine, layout_basic
D:2:      layout_rooms, amcnicky_mini_pool_small
D:3:      layout_basic, lemuel_crystal_altar, nicolae_gozag_seed_capital,
          shapermc_ecumenical_altar_gd, uniq_natasha
D:4:      layout_gridville, serial_shops, nicolae_diamond_shop,
          kennysheep_generic_room_5, uniq_ijyb, uniq_crazy_yiuf_cottage,
          uniq_grinder

Skill      XL: |  1  2  3  4 |
---------------+-------------+-----
Dodging        | 2 |  2.2
Earth Magic    | 3 |  3.7
Stealth        | 2 |  2.6
Spellcasting   | 3 |  3.4
Fighting       | |  0.1
Throwing       | |  0.3
Transmutations | |  0.8

Action                     |  1- 3 |  4- 6 || total
---------------------------+-------+-------++-------
  Melee: Dagger            |    17 |    14 ||    31
         Headbutt          |     1 |     1 ||     2
  Throw: Dart              |    10 |       ||    10
   Cast: Sandblast         |    35 |    38 ||    73
         Stone Arrow       |       |     3 ||     3
    Use: Scroll            |     1 |    10 ||    11
         Potion            |       |     5 ||     5
   Stab: Sleeping          |     2 |     2 ||     4
 Armour: Robe              |     9 |    17 ||    26
  Dodge: Dodged            |    30 |    33 ||    63
